 Dungeon Crawl Stone Soup version 0.24.0-37-gcf1ca852f1 (webtiles) character file.

Game seed: 10309917458129323036, levelgen mode: deterministic

204 Daemon1337 the Ducker (level 5, -19/55 HPs)
             Began as an Octopode Berserker on Nov 24, 2019.
             Was a Believer of Trog.
             Demolished by an ogre
             ... wielding a cursed -1 giant club
              (24 damage)
             ... on level 2 of the Dungeon.
             The game lasted 00:10:18 (3168 turns).

Daemon1337 the Ducker (Octopode Berserker)          Turns: 3168, Time: 00:10:19

Health: -19/55     AC:  1    Str: 22    XL:     5   Next: 82%
Magic:  5/5        EV: 15    Int:  9    God:    Trog [**....]
Gold:   164        SH:  0    Dex: 12    Spells: 4/4 levels left

rFire    + . .     SeeInvis .   f - +0 club
rCold    . . .     Gourm    .   (no shield)
rNeg     . . .     Faith    .   (helmet restricted)
rPois    .         Spirit   .   (no amulet)
rElec    .         Reflect  .   b - ring of protection from fire
rCorr    .         Harm     .   (no ring)
MR       .....                  (no ring)
Stlth    ..........             (no ring)
HPRegen  0.18/turn              (no ring)
MPRegen  0.09/turn              (no ring)
                                (no ring)
                                (no ring)

@: berserking, very quick
A: almost no armour, stealthy swim, amphibious, 8 rings, constrict 8, camouflage
1, gelatinous body 1
a: Berserk, Trog's Hand, Renounce Religion


You were on level 2 of the Dungeon.
You worshipped Trog.
Trog was pleased with you.
You were hungry.

You visited 1 branch of the dungeon, and saw 3 of its levels.

You collected 164 gold pieces.

Inventory:

Hand Weapons
 f - a +0 club (weapon)
Jewellery
 b - a ring of protection from fire (left tentacle)
Scrolls
 d - 2 scrolls of fear {unknown}
 e - 2 scrolls of random uselessness
 h - 2 scrolls of enchant weapon {unknown}
 k - a scroll of fog {unknown}
 m - 4 scrolls of remove curse {unknown}
 n - a scroll of teleportation {unknown}
Potions
 c - a potion of might {unknown}
 g - 2 potions of haste
 i - a potion of ambrosia {unknown}
 l - a potion of flight {unknown}
 o - a potion of berserk rage {unknown}
 p - a potion of heal wounds {unknown}
Comestibles
 a - 7 rations
 j - a chunk of flesh


   Skills:
 + Level 4.0 Fighting
 + Level 3.0 Maces & Flails
 + Level 4.1 Dodging
 + Level 3.5 Unarmed Combat


You had 4 spell levels left.
You didn't know any spells.
Your spell library was empty.

Dungeon Overview and Level Annotations

Branches:
Dungeon (3/15)

Altars:
Elyvilon
Gozag
Ru


Innate Abilities, Weirdness & Mutations

You cannot wear most types of armour.
You are very stealthy in the water. (Stealth+)
You are amphibious.
You can wear up to eight rings at the same time.
You can use your tentacles to constrict eight enemies at once.
Your skin changes colour to match your surroundings (Stealth+).
Your rubbery body absorbs attacks. (AC +1, EV +1)


Message History

The ogre is lightly wounded.
The ogre barely misses you.
You barely miss the ogre. You closely miss the ogre.
The ogre hits you with a cursed -1 giant club!!
Ouch! That really hurt!
* * * LOW HITPOINT WARNING * * *
A red film seems to cover your vision as you go berserk!
You feel yourself moving faster!
You feel mighty!
You are feeling hungry.
The ogre closely misses you.
You sock the ogre!
The ogre is moderately wounded.
The ogre completely misses you.
You barely miss the ogre. Your squeeze misses the ogre.
The ogre is moderately wounded.
You sock the ogre!
The ogre is almost dead.
The ogre hits you with a cursed -1 giant club!!
You die...

.### #.# #.......#####. รท.# #.#
##.........#... .## #.#
#......#....... ##
###.######......#...#.#. #
#......#....#.#.##.#.... #
#.#.##.#........#....... ##
##.#.##.#....#...#(....## .##
#....##................#. ..##
#..####.@O.#####....###.. ...##
##..# #......#......##...
....####...####..#..........#....
....'............#...#......'....
....####...####.###.#....####....
...## ##.## #..#.......# ##...
..## #..# #..#..#...## ##.. .<.#
##.# #..g......# ##. ##.# #.#
###.####.O##### ##


You could see an ogre.

Vanquished Creatures
  An orc priest (D:3)
  A hound (D:3)
  Natasha (twice) (D:2)
  An ooze (D:3)
  An adder zombie (D:2)
  5 worms
  A leopard gecko (D:3)
  10 orcs (D:3)
  A giant cockroach (D:3)
  6 goblins
  7 hobgoblins
  6 kobolds
  3 ball pythons
  6 bats
  2 frilled lizards (D:2)
  12 rats
65 creatures vanquished.

Notes
Turn   | Place    | Note
-------+----------+-------------------------------------------
     0 | D:1      | Daemon1337 the Octopode Berserker began the quest for the
                  | Orb.
     0 | D:1      | Reached XP level 1. HP: 16/16 MP: 1/1
   459 | D:1      | Reached XP level 2. HP: 21/21 MP: 2/2
   864 | D:2      | Noticed Natasha
   865 | D:2      | Noticed a crimson imp
   879 | D:2      | Killed Natasha
   879 | D:2      | Reached XP level 3. HP: 26/26 MP: 3/3
   960 | D:2      | Reached ** piety under Trog
  1296 | D:2      | Reached skill level 1 in Maces & Flails
  1338 | D:2      | Reached XP level 4. HP: 23/31 MP: 4/4
  1463 | D:2      | Noticed an ogre
  1815 | D:3      | Found a white marble altar of Elyvilon.
  1816 | D:3      | Found a sacrificial altar of Ru.
  1816 | D:3      | Found an opulent altar of Gozag.
  2055 | D:3      | Reached XP level 5. HP: 28/37 MP: 5/5
  3025 | D:2      | Noticed Natasha
  3032 | D:2      | Killed Natasha
  3168 | D:2      | Demolished by an ogre

Levels and vault maps discovered:
D:1:      minmay_arrival_pointy, layout_rooms
D:2:      layout_loops_corners, hangedman_decor_lopped, uniq_natasha
D:3:      layout_basic, chequers_temple_overflow_statue_of_worship,
          grunt_ministairs_12

Skill      XL: |  1  2  3  4  5 |
---------------+----------------+-----
Maces & Flails | 1 3 |  3.0
Dodging        | 4 |  4.1
Fighting       | 4 |  4.0
Unarmed Combat | |  3.5

Action                   |  1- 3 |  4- 6 || total
-------------------------+-------+-------++-------
Melee: Unarmed           |    12 |       ||    12
       Tentacles         |    13 |    18 ||    31
       Constrict         |    19 |    23 ||    42
       Club              |    56 |    86 ||   142
       Punch             |     1 |     5 ||     6
Invok: Berserk           |     1 |     2 ||     3
  Use: Scroll            |       |     2 ||     2
 Stab: Sleeping          |     7 |     5 ||    12
  Eat: Chunk             |     2 |     7 ||     9
Armor: Skin              |     6 |     5 ||    11
Dodge: Dodged            |    59 |    56 ||   115
